 Dungeon Crawl Stone Soup version 0.28-a0-1206-g193881aaa2 (webtiles) character file.

Game seed: 7606828123613271900

600 freelancePsychic the Insei (level 7, -1/53 HPs)
             Began as a Djinni Warper on Dec 21, 2021.
             Slain by an ogre (6 damage)
             ... on level 5 of the Dungeon.
             The game lasted 00:16:19 (7382 turns).

freelancePsychic the Insei (Djinni Warper)          Turns: 7382, Time: 00:16:20

Health: -1/53      AC:  7    Str:  9 (10) XL:     7   Next: 69%
Gold:   944        EV: 14    Int: 17      God:
                   SH:  0    Dex: 18

rFire   + + .      SeeInvis .     - Unarmed
rCold   x . .      Faith    .   (no shield)
rNeg    . . .      Spirit   .   f - +0 ring mail
rPois   ∞          Reflect  .   (no helmet)
rElec   .          Harm     .   v - +0 cloak
rCorr   .          Rampage  .   q - +0 pair of gloves
Will    .....                   (boots unavailable)
Stlth   +.........              (no amulet)
HPRegen 0.17/turn               l - +6 ring of dexterity
MPRegen 0.00/turn               o - +4 ring of evasion

@: flying, studying Unarmed Combat
A: sickness immunity, fire resistance 2, cold vulnerability 1, float, innate
caster, hp casting, extra vitality 1
a: no special abilities


You were on level 5 of the Dungeon.
You visited 1 branch of the dungeon, and saw 5 of its levels.
You also visited: Ossuary.

You collected 944 gold pieces.

Inventory:

Hand Weapons
 a - a +2 dagger of holy wrath
Missiles
 d - 4 boomerangs of dispersal
 k - a throwing net
 n - 16 poisoned darts (quivered)
Armour
 b - a +0 leather armour
 f - a +0 ring mail (worn)
 q - a +0 pair of gloves (worn)
 v - a +0 cloak (worn)
Magical Staves
 i - a staff of air
Jewellery
 l - a +6 ring of dexterity (left hand)
 o - a +4 ring of evasion (right hand)
 t - a ring of see invisible
 A - a +4 ring of evasion
Wands
 g - a wand of polymorph (8)
 z - a wand of mindburst (5)
Scrolls
 c - a scroll of blinking
 e - 3 scrolls of teleportation {@r4}
 j - a scroll of enchant weapon {unknown}
 w - a scroll of fear {unknown}
 y - a scroll of magic mapping {unknown}
Potions
 h - 3 potions of curing {@q1}
 m - a potion of brilliance {unknown}
 p - a potion of might {unknown}
 r - 4 potions of haste {@q3}
 s - a potion of invisibility {unknown}
 u - a potion of flight {unknown}
 x - a potion of heal wounds {unknown}


   Skills:
 + Level 4.3 Fighting
 - Level 3.6 Short Blades
 - Level 0.7 Throwing
 - Level 1.0 Armour
 - Level 2.1 Dodging
 * Level 5.9 Unarmed Combat
 + Level 3.6 Spellcasting


You couldn't memorise any spells.
You knew the following spells:

 Your Spells              Type           Power      Damage    Failure   Level
a - Blink                 Tloc           30%        N/A       16%         2
b - Beastly Appendage     Tmut           30%        N/A       11%         1
c - Wereblood             Tmut           15%        N/A       16%         2
d - Teleport Other        Tloc           15%        N/A       30%         3
e - Manifold Assault      Tloc           15%        N/A       96%         5
f - Lesser Beckoning      Tloc           15%        N/A       30%         3
g - Gell's Gravitas       Tloc           15%        N/A       30%         3
h - Portal Projectile     Hex/Tloc       30%        N/A       30%         3
Your spell library was empty.

Dungeon Overview and Level Annotations

Branches:
Dungeon (5/15)            Ossuary (visited)
 Temple: D:4-7

Altars:

Annotations:
D:4 2 runed translucent doors, exclusion: downstairs, avis's ghost, amateur HOMo


Innate Abilities, Weirdness & Mutations

You are immune to sickness and miasma.
You are immune to poison.
Your flesh is very heat resistant. (rF++)
You are vulnerable to cold. (rC-)
You float through the air rather than walking.
You learn spells naturally, not from books.
Your magical power is your life essence.
You have superior vitality. (+4 HP)


Message History

Where to? (Enter - D:3, ? - help)
You see here a +0 glaive.
There is a stone staircase leading down here.
You fly downwards.
Level annotation: 2 runed translucent doors, exclusion: downstairs, avis's ghost, amateur HOMo
There is a stone staircase leading up here.
(D) Dungeon
Where to? (Enter - D:4, ? - help)
There is a stone staircase leading down here.
You fly downwards.
There is a stone staircase leading up here.
An ogre comes into view. It is wielding a +0 giant club.
The ogre shouts!
The ogre moves out of view.
There is a stone staircase leading up here.
You throw a poisoned dart.
The poisoned dart completely misses the ogre.
You throw a poisoned dart. The poisoned dart hits the ogre.
The ogre is poisoned.
You throw a poisoned dart. The poisoned dart hits the ogre.
The ogre looks even sicker.
You punch the ogre!
The ogre is moderately wounded.
The ogre hits you with a +0 giant club!
You barely miss the ogre.
The ogre is moderately wounded.
You barely miss the ogre.
The ogre is moderately wounded.
The ogre hits you with a +0 giant club!
Aiming: Mindburst
Press: ? - help, Shift-Dir - straight line, f/p - ogre
Aim: an ogre, wielding a +0 giant club (moderately wounded, very poisoned, chance to affect: 65%)
The ogre struggles to resist.
The ogre hits you with a +0 giant club!!
* * * LOW HITPOINT WARNING * * *
Aiming: Mindburst
Press: ? - help, Shift-Dir - straight line, f/p - ogre
Aim: an ogre, wielding a +0 giant club (moderately wounded, very poisoned, chance to affect: 65%)
The ogre's mind is blasted!
The ogre hits you with a +0 giant club.
You die...

....# ....#
#...# ##
#...# #..
#...# #...
#...#
#(...##...#
#....((O@.#
+.........#
#.........#
#.........#
##...##...#
#### #...#
#...# #####


You could see an ogre (very poisoned).

Vanquished Creatures
  3 ogres
  A wyvern skeleton (D:5)
  A centaur zombie (Ossuary)
  A human zombie (Ossuary)
  An orc wizard (D:4)
  4 mummies (Ossuary)
  4 gnolls (D:4)
  5 adders
  2 worms (D:2)
  A dart slug (D:3)
  5 orcs
  6 endoplasms
  2 giant cockroaches (D:4)
  3 gnoll zombies (Ossuary)
  5 hobgoblins
  4 quokkas
  6 ball pythons
  7 bats (D:1)
  2 frilled lizards
  2 goblins
  A goblin zombie (Ossuary)
  A hobgoblin zombie (Ossuary)
  2 kobolds
  A kobold zombie (Ossuary)
  8 rats
78 creatures vanquished.

Vanquished Creatures (others)
  A demonic plant (D:1)
  3 withered plants (D:1)
4 creatures vanquished.

Grand Total: 82 creatures vanquished

Notes
Turn   | Place    | Note
-------+----------+-------------------------------------------
     0 | D:1      | freelancePsychic the Djinni Warper began the quest for the
                  | Orb.
     0 | D:1      | Reached XP level 1. HP: 18/18 MP: 0/0
   243 | D:1      | Found a faded altar of an unknown god.
   429 | D:1      | Reached XP level 2. HP: 14/23 MP: 0/0
  2204 | D:2      | Reached XP level 3. HP: 29/29 MP: 0/0
  2204 | D:2      | Learned a level 1 spell: Beastly Appendage
  3212 | D:3      | Reached XP level 4. HP: 30/34 MP: 0/0
  3666 | D:3      | Noticed an ogre
  4463 | D:4      | Reached XP level 5. HP: 32/40 MP: 0/0
  4463 | D:4      | Learned a level 2 spell: Wereblood
  4757 | D:4      | Noticed an ogre
  4801 | D:5      | Entered Level 5 of the Dungeon
  4803 | D:5      | Identified 2 scrolls of acquirement
  4803 | D:5      | Acquired 799 gold pieces
  4805 | D:5      | Acquired a manual of Unarmed Combat
  4987 | D:5      | Found a sand-covered staircase.
  4993 | Ossuary  | Entered an ossuary
  5044 | Ossuary  | Reached skill level 1 in Unarmed Combat
  5051 | Ossuary  | Reached skill level 2 in Unarmed Combat
  5162 | Ossuary  | Reached XP level 6. HP: 38/46 MP: 0/0
  5357 | Ossuary  | Reached skill level 3 in Unarmed Combat
  5579 | D:5      | Noticed an acid dragon
  5854 | D:4      | Killed an ogre
  5855 | D:4      | Reached skill level 4 in Unarmed Combat
  5855 | D:4      | Reached XP level 7. HP: 51/51 MP: 0/0
  5855 | D:4      | Learned a level 3 spell: Portal Projectile
  6276 | D:4      | Reached skill level 5 in Unarmed Combat
  6627 | D:4      | Found a large runed translucent door.
  6627 | D:4      | Found a large runed translucent door.
  6627 | D:4      | Noticed avis's ghost (amateur HOMo)
  7382 | D:5      | Slain by an ogre

Illustrated notes

Levels and vault maps discovered:
D:1:      doesnt_arrival_eight_statues, layout_basic,
          shapermc_ecumenical_altar_gd
D:2:      layout_basic
D:3:      layout_rooms, nrook_campfire, nrook_uturn
D:4:      layout_layer_cave, ebering_ghost_disaster_area
D:5:      layout_gridville, nicolae_ossuary_entry_plus,
          minmay_misc_feat_columns, kennysheep_generic_room_15

Skill      XL: |  1  2  3  4  5  6  7 |
---------------+----------------------+-----
Short Blades   | 2 3 |  3.6
Fighting       | 3 4 |  4.3
Unarmed Combat | 2 4 5 |  5.9
Spellcasting   | 3 |  3.6
Throwing       | |  0.7
Armour         | |  1.0
Dodging        | |  2.1

Action                   |  1- 3 |  4- 6 |  7- 9 || total
-------------------------+-------+-------+-------++-------
Melee: Dagger            |   208 |   169 |    54 ||   431
       Short sword       |     4 |       |       ||     4
       Headbutt          |       |     5 |       ||     5
       Punch             |       |     1 |     2 ||     3
       Unarmed           |       |       |     3 ||     3
Throw: Boomerang         |     1 |       |       ||     1
       Dart              |     1 |    34 |     6 ||    41
 Cast: Beastly Appendage |     2 |     1 |       ||     3
       Wereblood         |       |     3 |       ||     3
Evoke: Wand              |       |     1 |     8 ||     9
  Use: Scroll            |     3 |     4 |     1 ||     8
       Potion            |       |     4 |     1 ||     5
Armor: Leather armour    |    72 |       |       ||    72
       Ring mail         |    12 |    40 |     8 ||    60
Dodge: Dodged            |   137 |   118 |    26 ||   281

Table legend: (Time is in decaauts)
 A = Elapsed time spent in this place.
 B = Non-inter-level travel time spent in this place.
 C = Inter-level travel time spent in this place.
 D = Time resting spent in this place.
 E = Time spent auto-exploring this place.
 F = Levels seen in this place.
 G = Mean time per level.
                   A        B        C        D        E       F      G
               +--------+--------+--------+--------+--------+-----+--------+
         Total |   7302 |   6879 |    423 |   1132 |   4331 |   6 | 1217.0 |
       Dungeon |   6848 |   6425 |    423 |   1110 |   4044 |   5 | 1369.6 |
       Ossuary |    454 |    454 |      0 |     22 |    287 |   1 |  454.0 |
               +--------+--------+--------+--------+--------+-----+--------+

Top non-repeatable levels by time:
     D:1: 2104 daAuts
     D:4: 2047 daAuts
     D:3: 1276 daAuts
     D:2: 858 daAuts
     D:5: 561 daAuts
 Ossuary: 454 daAuts
